 Dungeon Crawl Stone Soup version 0.23.2-1-ga50397a (webtiles) character file.

Game seed: 8709988032686093447

78 diana the Skirmisher (level 4, -3/35 HPs)
             Began as a Demonspawn Fighter on May 24, 2019.
             Slain by Sigmund
             ... wielding a +0 scythe
              (11 damage)
             ... on level 2 of the Dungeon.
             The game lasted 00:00:49 (731 turns).

diana the Skirmisher (Demonspawn Fighter)            Turns: 731, Time: 00:00:49

Health: -3/35      AC:  6    Str: 18    XL:     4   Next: 15%
Magic:  4/4        EV:  7    Int:  9    God:
Gold:   10         SH:  9    Dex: 12    Spells: 3/3 levels left

rFire    . . .     SeeInvis .   a - +0 war axe
rCold    . . .     Gourm    .   c - +0 shield
rNeg     . . .     Faith    .   b - +0 scale mail
rPois    .         Spirit   .   (no helmet)
rElec    .         Reflect  .   (no cloak)
rCorr    .         Harm     .   (no gloves)
MR       .....                  (no boots)
Stlth    ..........             (no amulet)
HPRegen  0.11/turn              (no ring)
MPRegen  0.09/turn              (no ring)

@: flying
A: hooves 1, spiny 2
a: no special abilities


You were on level 2 of the Dungeon.
You were not hungry.

You visited 1 branch of the dungeon, and saw 2 of its levels.

You collected 10 gold pieces.

Inventory:

Hand Weapons
 a - a +0 war axe (weapon)
Armour
 b - a +0 scale mail (worn)
 c - a +0 shield (worn)
Jewellery
 j - an uncursed ring of protection from fire {unknown}
Scrolls
 e - 2 scrolls of identify {unknown}
 g - 2 scrolls of noise {unknown}
 k - a scroll of teleportation {unknown}
 m - a scroll of remove curse {unknown}
Potions
 d - a potion of might
 h - a potion of cancellation {unknown}
 i - 2 potions of flight
 l - a potion of degeneration {unknown}
Comestibles
 f - 4 rations


   Skills:
 + Level 3.4 Fighting
 + Level 2.3 Axes
 + Level 3.1 Armour
 + Level 1.3 Dodging
 + Level 3.1 Shields


You had 3 spell levels left.
You didn't know any spells.
Your spell library was empty.

Dungeon Overview and Level Annotations

Branches:
Dungeon (2/15)

Altars:
Wu Jian

Annotations:
D:2 Sigmund


Innate Abilities, Weirdness & Mutations

You have large cloven feet.
You are mostly covered in sharp spines.


Message History

You kill Natasha!
Natasha yowls pathetically as she dies!
You have reached level 4!
You feel stronger.
Your demonic ancestry asserts itself...
Sharp spines emerge from more of your body.
Something hits you.
You see here a quokka corpse.
A puff of flame appears from out of thin air!
The puff of flame hits you!
* * * LOW HITPOINT WARNING * * *
You are confused.
You bump into the rock wall.
Something hits you.
* * * LOW HITPOINT WARNING * * *
It was a potion of flight.
You feel very buoyant.
You fly up into the air.
You feel less confused. Something hits you!
You die...

#.# #.# ############.#
#............# #######
#.###.....#..# #.....# #.#
#.#...#.†###.###.####
#.###.##................#
#..........{...#.###.##.#
######.#####.@.##.....##.#
#...†..#####..##########.#
#.####........# #.# #.#
########.# #.# #.# ##+## ##.##
#.# ##...## #...# #.###
##.....## ##.## #.#.##
##.......## ##..#
####....####.........####...##


There were no monsters in sight!

Vanquished Creatures
  Natasha (twice) (D:2)
  An ooze (D:1)
  A leopard gecko (D:1)
  A giant cockroach (D:1)
  A goblin (D:1)
  2 hobgoblins (D:1)
  4 jackals (D:1)
  2 kobolds (D:1)
  A quokka (D:2)
  A ball python (D:1)
  2 bats (D:1)
  2 frilled lizards (D:1)
  4 rats (D:1)
24 creatures vanquished.

Notes
Turn   | Place    | Note
-------+----------+-------------------------------------------
     0 | D:1      | diana the Demonspawn Fighter began the quest for the Orb.
     0 | D:1      | Reached XP level 1. HP: 18/18 MP: 1/1
   193 | D:1      | Gained mutation: You are partially covered in sharp spines.
                  | [demonic ancestry]
   193 | D:1      | Reached XP level 2. HP: 21/24 MP: 2/2
   612 | D:2      | Found an ornate altar of the Wu Jian Council.
   663 | D:2      | Gained mutation: You have large cloven feet. [demonic
                  | ancestry]
   663 | D:2      | Reached XP level 3. HP: 24/29 MP: 3/3
   674 | D:2      | Noticed Natasha
   679 | D:2      | Killed Natasha
   679 | D:2      | Reached skill level 1 in Dodging
   707 | D:2      | Noticed Natasha
   710 | D:2      | Noticed Sigmund
   715 | D:2      | Killed Natasha
   715 | D:2      | Gained mutation: You are mostly covered in sharp spines.
                  | [demonic ancestry]
   715 | D:2      | Reached XP level 4. HP: 27/35 MP: 4/4
   731 | D:2      | Slain by Sigmund

Skill      XL: |  1  2  3 |
---------------+----------+-----
Axes           | 2 |  2.3
Armour         | 3 |  3.1
Dodging        | 1 |  1.3
Shields        | 3 |  3.1
Fighting       | |  3.4

Action                   |  1- 3 |  4- 6 || total
-------------------------+-------+-------++-------
Melee: War axe           |    72 |       ||    72
       Kick              |     2 |       ||     2
  Use: Potion            |       |     1 ||     1
Armor: Scale mail        |    33 |       ||    33
Dodge: Dodged            |    33 |       ||    33
Block: Shield            |    46 |       ||    46
